 Dungeon Crawl Stone Soup version 0.31-a0-479-g91c9547826 (console) character file.

Game seed: 11046118215226128365

95 Lexodia the Conjurer (level 4, -1/24 HPs)
             Began as a Tengu Hedge Wizard on Aug 7, 2023.
             Was a Follower of Yredelemnul.
             Slain by a sleepcap (5 damage)
             ... on level 3 of the Dungeon.
             The game lasted 00:05:13 (2614 turns).

Lexodia the Conjurer (Tengu Hedge Wizard)           Turns: 2614, Time: 00:05:13

Health: -1/24      AC:  2    Str: 10    XL:     4   Next: 65%
Magic:  7/9        EV: 12    Int: 16    God:    Yredelemnul [*.....]
Gold:   65         SH:  0    Dex: 14    Spells: 3/9 levels left

rFire   . . .        a - +0 dagger
rCold   . . .        (no shield)
rNeg    . . .        b - +0 robe
rPois   .            c - +0 hat
rElec   .            (no cloak)
rCorr   .            (no gloves)
SInv    .            (boots unavailable)
Will    .....        (no amulet)
Stlth   ++           (no ring)
HPRegen 0.24/turn    (no ring)
MPRegen 0.11/turn

%: no passive effects
@: no status effects
A: beak, talons 3
a: Renounce Religion, Recall Undead Harvest


You were on level 3 of the Dungeon.
You worshipped Yredelemnul.
Yredelemnul was noncommittal.
You visited 1 branch of the dungeon, and saw 3 of its levels.

You collected 65 gold pieces.

Inventory:

Hand Weapons
 a - a +0 dagger (weapon)
Armour
 b - a +0 robe (worn)
 c - a +0 hat (worn)
Wands
 s - a wand of iceblast (8)
Scrolls
 f - a scroll of amnesia {unknown}
 h - a scroll of torment {unknown}
 i - a scroll of noise {unknown}
 j - 3 scrolls of identify {unknown}
 o - a scroll of revelation {unknown}
 p - a scroll of fog {unknown}
 q - 4 scrolls of teleportation {unknown}
 r - a scroll of fear {unknown}
 t - a scroll of poison {unknown}
Potions
 d - a potion of magic
 e - 2 potions of lignification {unknown}
 g - a potion of attraction {unknown}
 k - a potion of enlightenment {unknown}
 l - a potion of degeneration {unknown}
 m - a potion of brilliance {unknown}
 n - a potion of mutation {unknown}
 u - 2 potions of cancellation {unknown}


   Skills:
 - Level 2.1 Dodging
 - Level 2.0 Stealth
 + Level 3.1 Spellcasting
 - Level 4.0 Conjurations
 + Level 3.0 Summonings
 - Level 0.7 Translocations
 + Level 0.6 Fire Magic
 + Level 0.9 Air Magic
 + Level 0.6 Poison Magic


You had 3 spell levels left.
You knew the following spells:

 Your Spells              Type           Power      Damage    Failure   Level
a - Magic Dart            Conj           60%        1d6       3%          1
b - Call Imp              Summ           24%        N/A       9%          2
c - Mephitic Cloud        Conj/Pois/Air  8%         N/A       26%         3

Your spell library contained the following spells:

 Spells                   Type           Power      Damage    Failure   Level
 Foxfire                  Conj/Fire      40%        2x1d6     7%          1
 Slow                     Hex            8%         N/A       19%         1
 Blink                    Tloc           8%         N/A       21%         2
 Cigotuvi's Dreadful Rot  Necr/Pois/Air  8%         N/A       22%         2
 Scorch                   Fire           8%         2d5       22%         2
 Flame Wave               Conj/Fire      10%        2d6       56%         4
 Plasma Beam              Fire/Air       2%         2x1d12    100%        6
 Starburst                Conj/Fire      5%         6d4       100%        6
 Summon Cactus Giant      Summ           6%         N/A       100%        6


Dungeon Overview and Level Annotations

Branches:
Dungeon (3/15)

Altars:
Makhleb
Yredelemnul


Innate Abilities, Weirdness & Mutations

You have a beak for a mouth.
You have claws for feet.


Message History

Press: ? - help, Dir - move target, f - sleepcap
Aim: a sleepcap Attack!
Really fire in your cerulean imp's direction?
Okay, then.
Your cerulean imp disappears in a puff of smoke!
Unknown command.
Your gnoll zombie hits the sleepcap but does no damage.
The sleepcap releases spores at you!
You are engulfed in a cloud of soporific spores!
You fall asleep.
Your gnoll zombie hits the sleepcap but does no damage.
The sleepcap releases spores at you!
You wake up.
* * * LOW HITPOINT WARNING * * *
You are engulfed in a cloud of soporific spores!
You are unaffected.
Huge Dmg: -66%(-16hp) hp: 9%(2hp)
Your gnoll zombie hits the sleepcap.
Your gnoll zombie hits the sleepcap but does no damage.
Your worm zombie bites the sleepcap.
The sleepcap attacks as you move away! The sleepcap closely misses you.
Found a crooked fluorescent wand.
The sleepcap attacks as you move away! The sleepcap releases spores at you.
* * * LOW HITPOINT WARNING * * *
Huge Dmg: -8%(-2hp) hp: 5%(1hp)
The sleepcap attacks as you move away! The sleepcap barely misses you.
Casting: Magic Dart (safe; 3% risk of failure)
Confirm with . or Enter, or press ? or * to list all spells.
You can't see any susceptible monsters within range! (Use Z to cast anyway.)
The sleepcap attacks as you move away! The sleepcap misses you.
Casting: Magic Dart (safe; 3% risk of failure)
Confirm with . or Enter, or press ? or * to list all spells.
Okay, then.
Unknown command.
Casting: Magic Dart (safe; 3% risk of failure)
Confirm with . or Enter, or press ? or * to list all spells.
A tiny devil pulls itself out of the air.
The sleepcap releases spores at you.
You die...
Your body rises from the dead as a mindless zombie.

############ ###./........#
#............# #....Z...f...#
#..≈≈≈≈≈≈5@..#
###..≈≈≈≈≈≈≈...############
#.#.......≈≈....#.#.#Z#Z#Z#
##........≈≈...#.#.#Z#Z#Z##
#.#Z####..≈≈..#.#.#.#.#<#.#
##.....#).≈≈...#.#.#.#Z#.##
#.#.._.#..≈≈..#.#.#.#.#.#.#
##.....#.......#.#.#.#.#.####
#.#...........#.#.#.#.#.#...#


You could see a sleepcap (ally target), a friendly cerulean imp (summoned) and a
friendly gnoll zombie.

Vanquished Creatures
  An adder (D:2)
  A gnoll (D:3)
  A dart slug (D:1)
  5 ball pythons
  3 endoplasms
  2 giant cockroaches (D:3)
  8 hobgoblins
  6 jackals (D:2)
  6 bats
  2 frilled lizards
  2 goblins
  5 rats
42 creatures vanquished.

Vanquished Creatures (collateral kills)
  2 gnolls (D:3)
  A worm (D:3)
  2 jackals (D:2)
  A frilled lizard (D:2)
6 creatures vanquished.

Vanquished Creatures (others)
  A bat zombie (D:3)
  A ball python zombie (D:3)
  2 giant cockroach zombies (D:3)
4 creatures vanquished.

Grand Total: 52 creatures vanquished

Notes
Turn   | Place    | Note
-------+----------+-------------------------------------------
     0 | D:1      | Lexodia the Tengu Hedge Wizard began the quest for the Orb.
     0 | D:1      | Reached XP level 1. HP: 10/10 MP: 5/5
   396 | D:1      | Reached skill level 2 in Conjurations
   431 | D:1      | Huge Dmg: 3 dmg
   472 | D:1      | Reached XP level 2. HP: 15/15 MP: 0/7
   475 | D:1      | Learned a level 2 spell: Call Imp
   711 | D:1      | Reached skill level 3 in Conjurations
  1248 | D:2      | Reached XP level 3. HP: 19/19 MP: 1/8
  1958 | D:2      | Found a faded altar of an unknown god.
  2146 | D:2      | Prayed at the altar of an unknown god.
  2146 | D:2      | Became a worshipper of Yredelemnul the Dark
  2146 | D:2      | Reached * piety under Yredelemnul
  2320 | D:3      | Reached skill level 4 in Conjurations
  2376 | D:3      | Learned a level 3 spell: Mephitic Cloud
  2384 | D:3      | Reached XP level 4. HP: 23/24 MP: 9/9
  2400 | D:3      | Huge Dmg: 7 dmg
  2401 | D:3      | Huge Dmg: 9 dmg
  2556 | D:3      | Found a burning altar of Makhleb.
  2565 | D:3      | Huge Dmg: 5 dmg
  2570 | D:3      | Huge Dmg: 4 dmg
  2598 | D:3      | Huge Dmg: 16 dmg
  2602 | D:3      | HP: 1/24 [sleepcap (2)]
  2603 | D:3      | Huge Dmg: 2 dmg
  2614 | D:3      | Slain by a sleepcap

Illustrated notes

Levels and vault maps discovered:
D:1:      lightli_arrival_lavapool, layout_basic
D:2:      cheibrodos_helix_gallery, layout_loops_ring,
          ebering_ecumenical_altar_sacrificial
D:3:      minmay_diamond_boxcup, layout_basic, mainiacjoe_overflow_chevrons,
          lemuel_doored_altar, serial_shops, shop, minmay_diced_spiral,
          uniq_terence

Skill      XL: |  1  2  3  4 |
---------------+-------------+-----
Conjurations   | 2 3 4 |  4.0
Summonings     | 2 3 |  3.0
Dodging        | |  2.1
Stealth        | |  2.0
Spellcasting   | |  3.1
Translocations | |  0.7
Fire Magic     | |  0.6
Air Magic      | |  0.9
Poison Magic   | |  0.6

Action                     |  1- 3 |  4- 6 || total
---------------------------+-------+-------++-------
  Melee: Dagger            |    39 |    10 ||    49
         Kick              |     7 |     2 ||     9
         Peck              |     5 |     2 ||     7
         Punch             |     2 |       ||     2
   Cast: Magic Dart        |    65 |     9 ||    74
         Call Imp          |     3 |     3 ||     6
   Stab: Sleeping          |       |     1 ||     1
 Armour: Robe              |    23 |     2 ||    25
  Dodge: Dodged            |    41 |    10 ||    51

Table legend: (Time is in decaauts)
 A = Elapsed time spent in this place.
 B = Non-inter-level travel time spent in this place.
 C = Inter-level travel time spent in this place.
 D = Time resting spent in this place.
 E = Time spent auto-exploring this place.
 F = Levels seen in this place.
 G = Mean time per level.
                   A        B        C        D        E       F      G
               +--------+--------+--------+--------+--------+-----+--------+
         Total |   2614 |   2477 |    137 |      0 |   2164 |   3 |  871.3 |
       Dungeon |   2614 |   2477 |    137 |      0 |   2164 |   3 |  871.3 |
               +--------+--------+--------+--------+--------+-----+--------+

Top non-repeatable levels by time:
     D:2: 1181 daAuts
     D:1: 1129 daAuts
     D:3: 303 daAuts
